 Dungeon Crawl Stone Soup version 0.31.0-32-g396128a36d (webtiles) character file.

Game seed: 10336298692473625640

16485 MollyMolluskus the Grappler (level 12, -5/130 HPs)
             Began as an Octopode Fighter on Mar 26, 2024.
             Was a Believer of Wu Jian.
             Slain by a slime creature (12 damage)
             ... on level 12 of the Dungeon.
             The game lasted 00:59:53 (12788 turns).

MollyMolluskus the Grappler (Octopode Fighter)     Turns: 12788, Time: 00:59:54

Health: -5/130     AC: 26    Str: 19    XL:     12   Next: 38%
Magic:  0/12       EV:  2    Int: 10    God:    Wu Jian [**....]
Gold:   1026       SH:  8    Dex: 13    Spells: 11/11 levels left

rFire   . .          .
                       - Unarmed
rCold   . . .        t - +3 buckler
rNeg    . . .        (helmet currently unavailable)
rPois   +            u - amulet of guardian spirit
rElec   .            j - ring of flight
rCorr   .            x - +5 ring of evasion
SInv    .            (no ring)
Will    .....        (no ring)
Stlth   ++           (no ring)
HPRegen 0.41/turn    (no ring)
MPRegen 0.13/turn    (no ring)
                     (no ring)

%: guardian spirit
@: tree-form, hasted and slowed, studying Invocations
A: stationary, stasis, torment immunity, boosted hp, almost no armour,
(amphibious), 8 rings, (camouflage 1), (gelatinous body 1), (nimble swimmer 1),
(tentacles)
a: Renounce Religion, Wall Jump


You were on level 12 of the Dungeon.
You worshipped Wu Jian.
Wu Jian was pleased with you.
You were a tree.
You visited 2 branches of the dungeon, and saw 13 of its levels.

You collected 1388 gold pieces.
You spent 362 gold pieces at shops.

Inventory:

Hand Weapons
 D - a +4 dagger
Missiles
 m - 24 poisoned darts
 n - 6 boomerangs
 p - 7 javelins
 C - a curare-tipped dart (quivered)
 F - a throwing net
Armour
 t - a +3 buckler (worn)
Jewellery
 j - a ring of flight (left branch)
 u - an amulet of guardian spirit (around neck)
 x - a +5 ring of evasion (right branch)
Talismans
 k - a maw talisman
Wands
 s - a wand of mindburst (18)
 w - a wand of flame (15)
 y - a wand of iceblast (7)
 A - a wand of acid (6)
Scrolls
 f - 3 scrolls of silence
 g - 5 scrolls of teleportation
 i - a scroll of blinking
 o - a scroll of poison
 r - a scroll of identify
 B - a scroll of enchant armour
 E - 3 scrolls of revelation
Potions
 d - a potion of curing
 e - 3 potions of mutation
 l - 3 potions of haste
 q - 3 potions of resistance
 v - a potion of cancellation
 z - a potion of invisibility
 G - 4 potions of enlightenment


   Skills:
 + Level 10.0 Fighting
 - Level 4.0 Throwing
 - Level 8.0 Dodging
 - Level 4.0 Stealth
 - Level 4.0 Shields
 + Level 12.6 Unarmed Combat
 - Level 4.0 Evocations
 * Level 6.5 Shapeshifting


You had 11 spell levels left.
You didn't know any spells.
Your spell library contained the following spells:

 Spells                   Type           Power      Damage    Failure   Level
 Lesser Beckoning         Tloc           0%         N/A       56%         2
 Mercury Vapours          Alch/Air       0%         N/A       56%         2
 Gell's Gravitas          Tloc           0%         N/A       80%         3
 Mephitic Cloud           Conj/Alch/Air  0%         N/A       80%         3
 Teleport Other           Tloc           0%         N/A       80%         3
 Tukima's Dance           Hex            0%         N/A       80%         3
 Dimensional Bullseye     Hex/Tloc       0%         N/A       99%         4
 Iskenderun's Mystic Bla  Conj/Tloc      0%         2d3       99%         4
 Leda's Liquefaction      Alch/Erth      0%         N/A       99%         4
 Freezing Cloud           Conj/Ice/Air   0%         6-21      100%        5
 Lee's Rapid Deconstruct  Erth           0%         3d4*      100%        5
 Bombard                  Conj/Erth      0%         9d1       100%        6


Dungeon Overview and Level Annotations

Branches:
Dungeon (12/15)            Temple (1/1) D:4            Lair (0/5) D:11
    Orc (0/2) D:12

Altars:
Ashenzari
Cheibriados
Dithmenos
Elyvilon
Fedhas
Gozag
Hepliaklqana
Kikubaaqudgha
Makhleb
Nemelex Xobeh
Okawaru
Qazlal
Ru
Sif Muna
Trog
Uskayaw
Vehumet
Wu Jian
Xom
Yredelemnul
Zin
The Shining One

Shops:
D:2 :?   D:5 :   D:11 [


Innate Abilities, Weirdness & Mutations

You are a tree.
Your roots penetrate the ground, keeping you stationary.
You cannot be teleported.
You are immune to unholy pain and torment.
Your maximum health is greatly increased.
You cannot wear most types of armour.
((You are amphibious.))
You can wear up to eight rings at the same time.
((Your skin changes colour to match your surroundings (Stealth+).))
((Your rubbery body absorbs attacks. (AC +1, EV +1)))
((You are camouflaged when in or above water. (Stealth+)))
((You have tentacles for arms and can constrict up to eight enemies at once.))


Message History

You barely miss the vampire mosquito. Your grab misses the vampire mosquito.
You bludgeon the vampire mosquito!
The vampire mosquito is severely damaged.
You repeatedly attack the two-headed ogre from above.
You tentacle-slap the two-headed ogre.
The two-headed ogre is lightly wounded.
You tentacle-slap the two-headed ogre.
The two-headed ogre is lightly wounded.
You tentacle-slap the two-headed ogre.
The two-headed ogre is lightly wounded.
You block the vampire mosquito's attack.
The vampire mosquito completely misses you.
You block the yak's attack.
The two-headed ogre completely misses you.
The two-headed ogre misses you. The yak completely misses you.
Unknown command.
Unknown command.
Blink to where?
Press: ? - help, Dir - move target
As you read the scroll of blinking, it crumbles to dust.
You batter the vampire mosquito!!
You destroy the vampire mosquito!
The Council accepts your kill.
Okay, then.
Aiming: Polymorph
Press: ? - help, Shift-Dir - straight line, f - you You turn into a tree.
Your roots penetrate the ground.
The now-empty wand crumbles to dust.
Unknown command.
You thrash the slime creature!!!
The slime creature is heavily wounded.
Your extra speed is starting to run out.
You block the slime creature's attack.
You smack the slime creature!
The slime creature is almost dead.
The slime creature barely misses you.
You barely miss the slime creature.
The slime creature is almost dead.
The slime creature hits you!
You die...

#.......###
#.........##
#.......#..#
##########'###
..........8#
.........).#
...........#
.........(.#
.......♣..8#
#########J###
#8...8#8.O.8#
#.....#.....#
#..[.[YO.)..#
#...).#.....#
#8...8#8...8#
###'#########
8..


You could see a slime creature and a two-headed ogre.

Vanquished Creatures
  A centaur warrior (D:12)
  3 two-headed ogres
  A boulder beetle (D:12)
  A skeletal warrior (D:12)
  Pikel (D:4)
  An ugly thing (D:12)
  2 manticores (D:11)
  A salamander (D:12)
  2 cyclopes (D:12)
  Joseph (D:10)
  2 gargoyles
  An unseen horror (D:11)
  A kobold demonologist (D:12)
  3 trolls
  A tarantella (D:11)
  A hornet (D:8)
  3 vampires
  Sigmund (D:6)
  2 wraiths
  A basilisk (D:12)
  A wyvern (D:9)
  7 yaks
  6 vampire mosquitoes
  2 steam dragons
  An acid dragon (D:10)
  2 water moccasins (D:11)
  5 orc warriors
  2 sky beasts (D:7)
  A black bear (D:11)
  An ice beast (D:8)
  A boggart (D:12)
  An ogre (D:5)
  4 centaurs
  A phantom (D:5)
  2 kobold brigands
  A gnoll sergeant (D:9)
  2 scorpions
  5 bullfrogs
  A wyvern zombie (D:6)
  5 wights (D:7)
  10 killer bees
  A howler monkey (D:12)
  A bombardier beetle (D:4)
  A gnoll bouda (D:7)
  8 orc priests
  3 hounds
  2 jellies (D:7)
  3 sleepcaps
  3 iguanas
  Natasha (thrice) (D:4)
  13 orc wizards
  A killer bee zombie (D:6)
  21 gnolls
  6 adders
  2 shadow imps
  12 white imps (D:11)
  2 ribbon worms
  2 dart slugs
  47 orcs
  3 ball pythons (D:1)
  2 bats
  5 endoplasms
  2 giant cockroaches
  9 goblins
  4 hobgoblins
  4 jackals
  2 quokkas
  3 frilled lizards
  24 kobolds
  11 rats
291 creatures vanquished.

Vanquished Creatures (others)
  An orc wizard (D:6)
1 creature vanquished.

Grand Total: 292 creatures vanquished

Notes
Turn   | Place    | Note
-------+----------+-------------------------------------------
     0 | D:1      | MollyMolluskus the Octopode Fighter began the quest for the
                  | Orb.
     0 | D:1      | Reached XP level 1. HP: 16/16 MP: 1/1
   176 | D:1      | Reached XP level 2. HP: 16/21 MP: 2/2
   347 | D:1      | Reached skill level 1 in Stealth
   721 | D:1      | Reached XP level 3. HP: 26/26 MP: 3/3
  1334 | D:2      | Found Gaur's Magic Scroll Emporium.
  1337 | D:2      | Bought a scroll of blinking for 82 gold pieces
  1441 | D:2      | Found Unnymil's Vocational Training.
  1454 | D:2      | Reached XP level 4. HP: 28/31 MP: 4/4
  1525 | D:2      | Reached skill level 3 in Unarmed Combat
  1842 | D:2      | Found a faded altar of an unknown god.
  1984 | D:2      | Bought a scroll of identify for 22 gold pieces
  1984 | D:2      | Bought a scroll of noise for 11 gold pieces
  2923 | D:4      | Reached XP level 5. HP: 36/36 MP: 5/5
  2940 | D:4      | Noticed Natasha
  2945 | D:4      | Killed Natasha
  3011 | D:4      | Reached XP level 6. HP: 18/43 MP: 6/6
  3127 | D:4      | Noticed Natasha
  3133 | D:4      | Killed Natasha
  3134 | D:4      | Reached skill level 4 in Unarmed Combat
  3493 | D:4      | Found a staircase to the Ecumenical Temple.
  3598 | D:4      | Noticed Pikel
  3638 | Temple   | Entered the Ecumenical Temple
  3692 | D:4      | Killed Pikel
  3693 | D:4      | Reached skill level 5 in Unarmed Combat
  3693 | D:4      | Reached XP level 7. HP: 48/49 MP: 7/7
  3767 | D:5      | Entered Level 5 of the Dungeon
  3779 | D:5      | Reached XP level 8. HP: 54/54 MP: 8/8
  4130 | D:5      | Found Maizac's Self-Improvement Boutique.
  4504 | D:5      | Reached skill level 5 in Fighting
  4504 | D:5      | Reached skill level 5 in Dodging
  4523 | D:5      | Reached skill level 6 in Unarmed Combat
  4684 | D:6      | Noticed Sigmund
  4706 | D:6      | Killed Sigmund
  5130 | D:6      | Found a basalt altar of Yredelemnul.
  5362 | D:7      | Reached skill level 7 in Unarmed Combat
  5365 | D:7      | Reached XP level 9. HP: 35/62 MP: 5/9
  6090 | D:7      | Reached skill level 8 in Unarmed Combat
  7092 | D:8      | Noticed a hornet
  7098 | D:8      | Killed a hornet
  7099 | D:8      | Reached skill level 1 in Throwing
  7099 | D:8      | Reached skill level 9 in Unarmed Combat
  7123 | D:8      | Found a white marble altar of Elyvilon.
  7386 | D:4      | Noticed Natasha
  7389 | D:4      | Killed Natasha
  7472 | D:2      | Bought 3 scrolls of revelation for 247 gold pieces
  7654 | D:9      | Noticed a two-headed ogre
  7763 | D:9      | Reached XP level 10. HP: 69/69 MP: 10/10
  7935 | D:9      | Killed a two-headed ogre
  8666 | D:10     | Entered Level 10 of the Dungeon
  8961 | D:10     | Found a glowing golden altar of the Shining One.
  9094 | D:10     | Found a shimmering blue altar of Sif Muna.
  9107 | D:10     | Noticed Joseph
  9123 | D:10     | Killed Joseph
  9124 | D:10     | Reached skill level 10 in Unarmed Combat
  9159 | D:10     | Noticed a two-headed ogre
  9365 | D:10     | Identified a scroll of acquirement
  9365 | D:10     | Acquired 677 gold pieces
  9570 | D:10     | Killed a two-headed ogre
  9571 | D:10     | Reached skill level 1 in Shapeshifting
  9723 | D:10     | Found a radiant altar of Vehumet.
  9723 | D:10     | Found an ancient bone altar of Kikubaaqudgha.
  9728 | D:10     | Found an opulent altar of Gozag.
  9802 | D:10     | Found an ornate altar of the Wu Jian Council.
  9843 | D:10     | Became a worshipper of the Wu Jian Council
 10081 | D:11     | Noticed a manticore
 10092 | D:11     | Killed a manticore
 10093 | D:11     | Reached XP level 11. HP: 20/77 MP: 1/11
 10318 | D:11     | Found a frozen archway.
 10552 | D:11     | Reached * piety under Wu Jian
 10553 | D:11     | Reached skill level 11 in Unarmed Combat
 10630 | D:11     | Noticed a manticore
 10644 | D:11     | Killed a manticore
 10974 | D:11     | Found a staircase to the Lair.
 11502 | D:11     | Found Vaublaew's Armour Boutique.
 11514 | D:11     | Noticed a two-headed ogre
 11521 | D:11     | Killed a two-headed ogre
 11522 | D:11     | Reached skill level 12 in Unarmed Combat
 11629 | D:12     | Found a staircase to the Orcish Mines.
 11668 | D:12     | Reached ** piety under Wu Jian
 11895 | D:12     | Noticed a boulder beetle
 11908 | D:12     | Killed a boulder beetle
 12275 | D:12     | Noticed a cyclops
 12282 | D:12     | Killed a cyclops
 12398 | D:12     | Noticed a centaur warrior
 12398 | D:12     | Noticed a cyclops
 12403 | D:12     | Killed a cyclops
 12407 | D:12     | Killed a centaur warrior
 12408 | D:12     | Reached skill level 5 in Shapeshifting
 12408 | D:12     | Reached XP level 12. HP: 63/86 MP: 9/12
 12767 | D:12     | Reached skill level 10 in Fighting
 12774 | D:12     | Noticed a two-headed ogre
 12776 | D:12     | HP: 4/87 [something (4)]
 12779 | D:12     | HP: 1/87 [yak (15)]
 12788 | D:12     | Slain by a slime creature

Illustrated notes

Levels and vault maps discovered:
D:1:      dpeg_arrival_pond, layout_loops_ring, minmay_tetromino_t4
D:2:      layout_loops_corners, serial_shops, nicolae_shop_rolled_up,
          chequers_ecumenical_altar_lobes, nicolae_shop_vocational
D:3:      layout_basic, minmay_increasing_density
D:4:      layout_cave_pools, temple_doors_e, uniq_pikel, uniq_natasha
D:5:      layout_loops_cross, minmay_misc_feat_tiny, nicolae_shop_self_help
D:6:      layout_rooms, lemuel_zombie_altar_yredelemnul, uniq_sigmund
D:7:      layout_basic
D:8:      layout_loops_ring, lemuel_tele_altar, nicolae_elevator_lobby_plus
D:9:      nicolae_cairo_tiling, layout_stronghold
D:10:     layout_irregular_city, mainiacjoe_overflow_boulevard, tso_metal_star,
          minitemple, mainiacjoe_overflow_alcove_4, minivault_24, uniq_joseph
D:11:     layout_loops_cross, due_lair_maze_entry_diamond,
          portal_ice_cave_entry_imps, serial_shops, kennysheep_little_box
D:12:     minmay_box_of_statues, layout_stronghold, david_orc_5
Temple:   eino_temple_water

Skill      XL: |  1  2  3  4  5  6  7  8  9 10 11 12 |
---------------+-------------------------------------+-----
Stealth        | 1 2 3 4 |  4.0
Unarmed Combat | 3 5 7 9 10 12 | 12.6
Fighting       | 4 5 6 8 9 10 | 10.0
Dodging        | 4 5 6 8 |  8.0
Shields        | 4 |  4.0
Evocations     | 2 3 4 |  4.0
Throwing       | 1 4 |  4.0
Shapeshifting  | 1 5 6 |  6.5

Action                     |  1- 3 |  4- 6 |  7- 9 | 10-12 || total
---------------------------+-------+-------+-------+-------++-------
  Melee: Unarmed           |    68 |   101 |   216 |   437 ||   822
         Constrict         |    19 |    27 |    43 |    56 ||   145
         Tentacles         |    16 |    21 |    60 |    93 ||   190
         Punch             |     4 |     1 |     9 |    31 ||    45
  Throw: Stone             |     3 |     2 |       |       ||     5
         Dart              |       |     6 |    25 |    11 ||    42
         Javelin           |       |     1 |     4 |     6 ||    11
         Boomerang         |       |       |       |     4 ||     4
Ability: Lunge             |       |       |       |    22 ||    22
         Wall Jump         |       |       |       |     5 ||     5
         Whirlwind         |       |       |       |     4 ||     4
  Evoke: Wand              |       |     3 |    11 |    18 ||    32
    Use: Scroll            |     8 |     6 |     6 |    11 ||    31
         Potion            |       |     1 |     2 |    14 ||    17
   Stab: Sleeping          |     4 |    12 |     6 |     9 ||    31
         Distracted        |       |     1 |       |       ||     1
 Armour: Skin              |    20 |    34 |    55 |   169 ||   278
  Dodge: Dodged            |    28 |    54 |    91 |   227 ||   400
  Block: Buckler           |    10 |    10 |    44 |   137 ||   201
